 Dungeon Crawl Stone Soup version 0.30.0-5-g1a98f26d00 (webtiles) character file.

Game seed: 3889112399825612854

60 Cheops the Ruffian (level 4, -1/38 HPs)
             Began as a Ghoul Monk on May 10, 2023.
             Slain by a hobgoblin (7 damage)
             ... on level 3 of the Dungeon.
             The game lasted 00:01:05 (897 turns).

Cheops the Ruffian (Ghoul Monk)                      Turns: 897, Time: 00:01:05

Health: -1/38      AC:  2    Str: 16    XL:     4   Next: 6%
Magic:  3/3        EV: 12    Int:  5    God:
Gold:   90         SH:  0    Dex: 11    Spells: 3/3 levels left

rFire   . .          .
                       - Unarmed
rCold   + . .        c - orb {light}
rNeg    + + +        a - +0 robe
rPois   ∞            (no helmet)
rElec   .            (no cloak)
rCorr   .            (no gloves)
SInv    .            (no boots)
Will    .....        (no amulet)
Stlth   +            (no ring)
HPRegen 0.00/turn    (no ring)
MPRegen 0.08/turn

%: no passive effects
@: inhibited regen, glowing
A: claws 1, cold resistance 1, negative energy resistance 3, inhibited
regeneration, torment resistance 2, devour on kill
a: no special abilities


You were on level 3 of the Dungeon.
You visited 1 branch of the dungeon, and saw 3 of its levels.

You collected 90 gold pieces.

Inventory:

Armour
 a - a +0 robe (worn)
 c - an orb of light (worn)
Wands
 i - a wand of iceblast (7)
Scrolls
 d - a scroll of teleportation {unknown}
 e - a scroll of identify {unknown}
 g - a scroll of noise {unknown}
 h - a scroll of immolation {unknown}
Potions
 b - a potion of ambrosia
 f - a potion of curing {unknown}


   Skills:
 - Level 3.2 Fighting
 - Level 2.6 Dodging
 + Level 5.3 Unarmed Combat


You had 3 spell levels left.
You didn't know any spells.
Your spell library was empty.

Dungeon Overview and Level Annotations

Branches:
Dungeon (3/15)

Altars:

Shops:
D:3 [

Annotations:
D:2 Sigmund
D:3 Robin


Innate Abilities, Weirdness & Mutations

You are immune to poison.
You have sharp fingernails.
Your flesh is cold resistant. (rC+)
You are immune to negative energy. (rN+++)
You do not regenerate when monsters are visible.
You are immune to unholy pain and torment.
You thrive by killing the living.


Message History

A hobgoblin and 2 goblins come into view.
The hobgoblin shouts!
The goblin shouts! x2
You see here a wand of iceblast (7).
i - a wand of iceblast (7)
The goblin hits you with a +0 dagger.
A goblin comes into view. It is wielding a +0 club.
A hobgoblin comes into view.
The goblin attacks as you move away! The goblin hits you but does no damage.
The hobgoblin shouts!
The goblin shouts!
You hear a shout! x2
A goblin comes into view. It is wielding a +0 club. x2
The hobgoblin attacks as you move away! The hobgoblin hits you.
* * * LOW HITPOINT WARNING * * *
Robin of the Strong Arm comes into view.
They are wielding a +0 falchion.
Robin shouts!
The goblin shouts! x2
A goblin comes into view. It is wielding a +0 club.
A goblin comes into view. It is wielding a +0 dagger.
A hobgoblin comes into view.
The goblin shouts!
The goblin closely misses you. The goblin hits you but does no damage.
Robin roars a battlecry!
The goblins go into a battle-frenzy!
The hobgoblin hits you.
* * * LOW HITPOINT WARNING * * *
A goblin comes into view. It is wielding a +2 dagger of flaming.
The goblin attacks as you move away! The goblin barely misses you.
The hobgoblin attacks as you move away!
The hobgoblin hits you but does no damage.
An adder comes into view.
The adder hisses angrily.
The orc wizard gestures at you while chanting.
The magic dart hits you.
* * * LOW HITPOINT WARNING * * *
Robin throws the goblin at you!
* * * LOW HITPOINT WARNING * * *
The hobgoblin barely misses you. The goblin barely misses you.
The goblin attacks as you move away! The goblin barely misses you.
The endoplasm completely misses you. The goblin hits you with a +0 dagger.
* * * LOW HITPOINT WARNING * * *
The hobgoblin hits you!
You die...

#...........# #..#
............##...###.
.....................
......S..............
.....................
#.......gg......P..P.
#.......go.#†).♣~~.~~
....g.gggJor.†P~~.~~.
....g..g.g@###.~~~~~≈
.##g..g..g.# P~♣~~≈≈
g........∩......~~.~.
...g..............~ ~
...........#..##.....
####.#####.##.# #####
#. #.# ># #. #.. # ..


You could see Robin, an orc wizard (invisible), an adder, an orc, an endoplasm,
4 hobgoblins, 9 goblins and a rat.

Vanquished Creatures
  3 adders (D:2)
  A worm (D:2)
  A dart slug (D:1)
  An orc (D:3)
  A ball python (D:3)
  An endoplasm (D:2)
  A giant cockroach (D:2)
  3 goblins
  2 hobgoblins
  4 jackals
  6 kobolds
  A bat (D:2)
  2 rats
27 creatures vanquished.

Notes
Turn   | Place    | Note
-------+----------+-------------------------------------------
     0 | D:1      | Cheops the Ghoul Monk began the quest for the Orb.
     0 | D:1      | Reached XP level 1. HP: 19/19 MP: 0/0
   184 | D:1      | Reached XP level 2. HP: 26/26 MP: 1/1
   213 | D:1      | Reached skill level 4 in Unarmed Combat
   237 | D:1      | You fall into a shaft and drop 1 floor!
   518 | D:2      | Reached XP level 3. HP: 31/31 MP: 2/2
   678 | D:2      | Noticed Sigmund
   745 | D:2      | Reached skill level 5 in Unarmed Combat
   872 | D:3      | Found Rola's Armour Shop.
   880 | D:3      | Reached XP level 4. HP: 33/38 MP: 3/3
   893 | D:3      | Noticed Robin
   897 | D:3      | Slain by a hobgoblin

Illustrated notes

Levels and vault maps discovered:
D:1:      heliophobic_arrival_ceremonial_halls, layout_rooms,
          hellmonk_ecumenical_altar_blasted
D:2:      layout_loops_corners, uniq_sigmund
D:3:      layout_rooms, serial_bayou, serial_bayou_pond_b, serial_bayou_shore_b,
          serial_bayou_lagoon_b, serial_bayou_lagoon_a, serial_bayou_pond_c,
          serial_shops, nicolae_shop_pleasant_corner_grove, shop,
          hangedman_abyss_or_decor_lesser_grid, uniq_natasha, uniq_robin

Skill      XL: |  1  2  3 |
---------------+----------+-----
Unarmed Combat | 4 5 |  5.3
Fighting       | |  3.2
Dodging        | |  2.6

Action                     |  1- 3 |  4- 6 || total
---------------------------+-------+-------++-------
  Melee: Unarmed           |    68 |     6 ||    74
 Armour: Robe              |     9 |     4 ||    13
  Dodge: Dodged            |    40 |    12 ||    52
